 Dungeon Crawl Stone Soup version 0.27.1 (webtiles) character file.

Game seed: 7359919557056174979

86 nightchill the Sneak (level 4, -5/25 HPs)
             Began as a Kobold Enchanter on Aug 23, 2021.
             Killed from afar by an orc wizard (6 damage)
             ... with a magic dart
             ... on level 3 of the Dungeon.
             The game lasted 00:04:07 (2700 turns).

nightchill the Sneak (Kobold Enchanter)             Turns: 2700, Time: 00:04:08

Health: -5/25      AC:  2    Str:  6    XL:     4   Next: 78%
Magic:  1/7        EV: 15    Int: 16    God:
Gold:   70         SH:  0    Dex: 15    Spells: 1/7 levels left

rFire    . . .     SeeInvis .   a - +1 dagger
rCold    . . .     Faith    .   (shield restricted)
rNeg     . . .     Spirit   .   b - +0 robe
rPois    .         Reflect  .   (no helmet)
rElec    .         Harm     .   (no cloak)
rCorr    .         Rampage  .   (no gloves)
Will     .....                  (no boots)
Stlth    ++++......             (no amulet)
HPRegen  0.08/turn              (no ring)
MPRegen  0.10/turn              (no ring)

@: no status effects
A: small, no large weapons, nightstalker 3
a: no special abilities


You were on level 3 of the Dungeon.
You visited 1 branch of the dungeon, and saw 3 of its levels.

You collected 70 gold pieces.

Inventory:

Hand Weapons
 a - a +1 dagger (weapon)
Missiles
 j - 8 poisoned darts
Armour
 b - a +0 robe (worn)
 l - a +2 ring mail of cold resistance
Scrolls
 c - 2 scrolls of teleportation
 d - a scroll of enchant armour {unknown}
 f - a scroll of immolation {unknown}
 h - a scroll of enchant weapon {unknown}
 i - a scroll of silence {unknown}
Potions
 e - a potion of curing {unknown}
 g - a potion of lignification {unknown}
 k - 2 potions of degeneration {unknown}


   Skills:
 + Level 1.3 Fighting
 + Level 2.2 Short Blades
 - Level 2.4 Dodging
 + Level 4.6 Stealth
 - Level 2.1 Spellcasting
 * Level 3.7 Hexes
 * Level 1.8 Ice Magic


You had one spell level left.
You knew the following spells:

 Your Spells              Type           Power      Damage    Failure   Level
a - Corona                Hex            14%        N/A       4%          1
b - Ensorcelled Hibernat  Hex/Ice        20%        N/A       10%         2
c - Confusing Touch       Hex            13%        N/A       13%         3

Your spell library contained the following spells:

 Spells                   Type           Power      Damage    Failure   Level
 Magic Dart               Conj           4%         1d3       21%         1
 Tukima's Dance           Hex            13%        N/A       13%         3
 Dazzling Flash           Conj/Hex       14%        N/A       28%         3
 Call Imp                 Summ           1%         N/A       30%         2
 Searing Ray              Conj           2%         3d3       30%         2
 Mephitic Cloud           Conj/Pois/Air  1%         N/A       52%         3
 Fulminant Prism          Conj/Hex       3%         3d6       67%         4


Dungeon Overview and Level Annotations

Branches:
Dungeon (3/15)

Altars:
Gozag
Trog


Innate Abilities, Weirdness & Mutations

You are small and have problems with some larger weapons.
You are completely attuned to the shadows.


Message History

Confirm with . or Enter, or press ? or * to list all spells.
Aiming: Ensorcelled Hibernation (safe; 10% risk of failure)
Press: ? - help, Shift-Dir - straight line, f/p - orc
Aim: an orc, wielding a +0 hand axe and wearing a +0 leather armour (chance to affect: 59%)
The orc looks drowsy...
The ball python hisses angrily.
The helpless orc fails to defend itself.
You impale the orc!!
You kill the orc!
Casting: Ensorcelled Hibernation (safe; 10% risk of failure)
Confirm with . or Enter, or press ? or * to list all spells.
You don't have enough magic to cast this spell.
You hit the ball python.
You kill the ball python!
Casting: Ensorcelled Hibernation (safe; 10% risk of failure)
Confirm with . or Enter, or press ? or * to list all spells.
Aiming: Corona (safe; 4% risk of failure)
Press: ? - help, Shift-Dir - straight line, f - orc wizard
Aim: an orc wizard, wielding a +0 war axe and wearing a +0 robe (chance to affect: 50%)
The orc wizard is outlined in light.
The orc wizard hits you with a +0 war axe!
* * * LOW HITPOINT WARNING * * *
The orc hits you with a +0 short sword.
* * * LOW HITPOINT WARNING * * *
You hit the orc wizard.
The orc wizard is lightly wounded.
The orc wizard closely misses you. The orc barely misses you.
You hit the orc wizard but do no damage.
The orc wizard is lightly wounded.
The orc wizard barely misses you. The orc barely misses you.
You barely miss the orc wizard.
The orc wizard is lightly wounded.
The orc wizard hits you with a +0 war axe!
* * * LOW HITPOINT WARNING * * *
You hit the orc wizard.
The orc wizard is moderately wounded.
The orc misses you.
The orc wizard points at you and mumbles some strange words.
The magic dart hits you.
You die...

........#+#.#...........
............#...........
..............#.####......
.........)....#.# ##......
..............#.. #.......
..............##.##.##....
..............#......#....
.########o#+#.###..###....
#@#.#.#......# ##
###.o.#.##.##.##
#.......#......#
#._...#.#.####.#
#.....#.#.....^#####
######.#.##.##.##....
#....#.#.#......#....
#....#.#.###..###....
#....#.#.#......#....


You could see an orc wizard (corona) and an orc.

Vanquished Creatures
  3 adders
  3 worms
  A dart slug (D:3)
  3 orcs (D:3)
  5 endoplasms
  3 giant cockroaches
  4 goblins
  A hobgoblin (D:2)
  2 kobolds
  3 quokkas (D:3)
  4 ball pythons
  4 bats
  3 frilled lizards
  6 rats
45 creatures vanquished.

Notes
Turn   | Place    | Note
-------+----------+-------------------------------------------
     0 | D:1      | nightchill the Kobold Enchanter began the quest for the
                  | Orb.
     0 | D:1      | Reached XP level 1. HP: 10/10 MP: 3/3
   340 | D:1      | Reached XP level 2. HP: 16/16 MP: 3/5
   343 | D:1      | Learned a level 2 spell: Ensorcelled Hibernation
   859 | D:1      | Found a faded altar of an unknown god.
  1076 | D:2      | Reached skill level 1 in Ice Magic
  1076 | D:2      | Reached XP level 3. HP: 16/20 MP: 1/6
  1252 | D:2      | Reached skill level 1 in Fighting
  1477 | D:2      | Found an opulent altar of Gozag.
  1934 | D:3      | Reached XP level 4. HP: 25/25 MP: 4/7
  1943 | D:3      | Learned a level 3 spell: Confusing Touch
  2262 | D:3      | Found a glowing drain.
  2492 | D:3      | Found a bloodstained altar of Trog.
  2699 | D:3      | HP: 1/25 [orc wizard (9)]
  2700 | D:3      | Killed from afar by an orc wizard

Illustrated notes

Levels and vault maps discovered:
D:1:      enne_arrival_octagon_isle, layout_loops_ring,
          chequers_ecumenical_altar_island
D:2:      layout_rooms, basic_altar
D:3:      layout_basic, bloody_trog, gup_sewer_entry_bubbles,
          corexii_item_surrounded_by_moat, minmay_misc_feat_alley

Skill      XL: |  1  2  3 |
---------------+----------+-----
Ice Magic      | 1 |  1.8
Fighting       | 1 |  1.3
Short Blades   | 2 |  2.2
Dodging        | |  2.4
Stealth        | |  4.6
Spellcasting   | |  2.1
Hexes          | |  3.7

Action                   |  1- 3 |  4- 6 || total
-------------------------+-------+-------++-------
Melee: Dagger            |    57 |    55 ||   112
 Cast: Corona            |     8 |     4 ||    12
       Ensorcelled Hiber |     7 |     4 ||    11
  Use: Scroll            |     1 |       ||     1
 Stab: Sleeping          |    20 |    10 ||    30
Armor: Robe              |     4 |     6 ||    10
Dodge: Dodged            |    28 |    46 ||    74
